 Dungeon Crawl Stone Soup version 0.21.1-1-g345015fe64 (webtiles) character file.

4535 Jerry the Cleaver (level 10, 0/79 HPs)
             Began as a Demonspawn Fighter on Feb 11, 2018.
             Was an Elder of Okawaru.
             Slain by Minato's ghost (14 damage)
             ... on level 8 of the Dungeon.
             The game lasted 00:25:05 (11650 turns).

Jerry the Cleaver (Demonspawn Fighter)             Turns: 11650, Time: 00:25:06

Health: 0/79       AC: 12    Str: 18    XL:     10   Next: 17%
Magic:  14/15      EV: 13    Int: 12    God:    Okawaru [****..]
Gold:   413        SH:  0    Dex: 12    Spells: 9/9 levels left

rFire    + + .     SeeInvis .   w - +2 whip (elec)
rCold    . . .     Gourm    .   (no shield)
rNeg     + . .     Faith    .   D - +1 ring mail {rN+}
rPois    .         Spirit   .   (no helmet)
rElec    .         Reflect  .   E - +0 cloak
rCorr    +         Harm     .   (no gloves)
MR       .....                  (no boots)
Stlth    ++........             (no amulet)
HPRegen  0.23/turn              p - ring of resist corrosion
MPRegen  0.14/turn              B - ring of protection from fire

@: heroism
A: talons 2, icy blue scales 1, fire resistance 1, powered by pain 1, flame
cloud immunity
a: Heroism, Renounce Religion


You were on level 8 of the Dungeon.
You worshipped Okawaru.
Okawaru was greatly pleased with you.
You were very hungry.

You visited 2 branches of the dungeon, and saw 9 of its levels.

You collected 593 gold pieces.
You spent 180 gold pieces at shops.

Inventory:

Hand Weapons
 a - a +0 war axe
 o - a +7 club
 w - a +2 whip of electrocution (weapon)
 y - a +1 hand axe of chopping
Armour
 b - a +0 scale mail
 c - a +0 shield
 D - a +1 ring mail of positive energy (worn)
 E - a +0 cloak (worn)
Jewellery
 p - a ring of resist corrosion (left hand)
 A - a +4 ring of strength {unknown}
 B - a ring of protection from fire (right hand)
Wands
 t - a wand of random effects (14)
Scrolls
 e - 3 scrolls of remove curse {unknown}
 i - 4 scrolls of teleportation {unknown}
 j - a scroll of enchant weapon {unknown}
 k - 2 scrolls of amnesia {unknown}
 r - 7 scrolls of identify {unknown}
 s - 6 scrolls of fog {unknown}
 v - 2 scrolls of enchant armour {unknown}
Potions
 d - 2 potions of mutation {unknown}
 g - 4 potions of brilliance {unknown}
 h - 2 potions of flight {unknown}
 l - 5 potions of curing {unknown}
 m - a potion of ambrosia {unknown}
 n - 2 potions of lignification {unknown}
 q - 2 potions of cancellation {unknown}
 u - a potion of agility {unknown}
 x - a potion of heal wounds
 z - a potion of magic {unknown}
Comestibles
 f - 7 rations


   Skills:
 + Level 7.3(12.3) Fighting
 * Level 8.9(13.9) Axes
 + Level 6.6(11.6) Armour
 - Level 3.7(8.7) Shields
 + Level 7.8 Invocations


You had 9 spell levels left.
You didn't know any spells.

Dungeon Overview and Level Annotations

Branches:
Dungeon (8/15)             Temple (1/1) D:4
   Lair: D:8-11

Altars:
Ashenzari
Cheibriados
Dithmenos
Elyvilon
Gozag
Hepliaklqana
Kikubaaqudgha
Makhleb
Okawaru
Ru
Sif Muna
Trog
Uskayaw
Vehumet
Wu Jian
Xom
Yredelemnul
Zin
The Shining One

Shops:
D:5 (   D:6 (

Annotations:
D:8 Minato's ghost, novice MiGl


Innate Abilities, Weirdness & Mutations

You have razor-sharp toenails.
You are partially covered in icy blue scales. (AC +2)
Your flesh is heat resistant. (rF+)
You sometimes gain a little power by taking damage.
You are immune to clouds of flame.


Message History

You hit Minato's ghost but do no damage.
Lightning courses through Minato's ghost!
Minato's ghost is severely damaged.
Minato's ghost hits you but does no damage.
You hit Minato's ghost but do no damage.
Your kick misses Minato's ghost.
Minato's ghost is severely damaged.
Minato's ghost hits you!
* * * LOW HITPOINT WARNING * * *
You closely miss Minato's ghost.
You claw Minato's ghost, but do no damage.
Minato's ghost is severely damaged.
You hit Minato's ghost but do no damage.
Minato's ghost is severely damaged.
Minato's ghost says, "Live by the sword, die by the sword."
Minato's ghost hits you.
* * * LOW HITPOINT WARNING * * *
You are feeling very hungry.
Minato's ghost hits you!
You die...

............#
............#
##.....##...#
#..... #...#
......W #.>.#
....... #...#
....... #...#
##..... #W..#
###### #@..#
#...# #...#
#...# ##+##


You could see Minato's ghost.

Vanquished Creatures
  The ghost of goremand the Grappler, a novice TrBe of Trog (D:5)
  A hippogriff (D:7)
  Grum (D:7)
  The ghost of mahrgell the Ruffian, an amateur DrTm (D:4)
  Sigmund (D:5)
  A water moccasin (D:5)
  An ice beast (D:5)
  A sky beast (D:5)
  An eye of draining (D:7)
  A necrophage (D:7)
  4 wolves (D:7)
  6 ogres
  4 big kobolds (D:4)
  6 bullfrogs
  8 wights
  A bullfrog zombie (D:5)
  A crimson imp (D:5)
  A centaur zombie (D:7)
  A quasit (D:7)
  4 orc priests
  4 hounds
  3 jellies
  7 orc wizards
  A centaur skeleton (D:5)
  A gnoll shaman (D:7)
  Crazy Yiuf (D:7)
  An iguana (D:7)
  Ijyb (D:3)
  A worker ant (D:5)
  A hound zombie (D:5)
  2 worker ant zombies
  22 gnolls
  7 adders
  A shadow imp (D:6)
  An ooze (D:1)
  3 adder skeletons
  5 worms
  4 dart slugs
  7 leopard geckos
  13 orcs
  7 bats
  7 giant cockroaches
  5 goblins
  6 hobgoblins
  4 jackals
  56 kobolds
  3 quokkas
  2 ball pythons (D:2)
  7 frilled lizards
  A quokka skeleton (D:6)
  11 rats
241 creatures vanquished.

Notes
Turn   | Place    | Note
-------+----------+-------------------------------------------
     0 | D:1      | Jerry the Demonspawn Fighter began the quest for the Orb.
     0 | D:1      | Reached XP level 1. HP: 18/18 MP: 1/1
    37 | D:1      | Reached skill level 2 in Axes
    52 | D:1      | Gained mutation: You sometimes gain a little power by taking damage. [demonic ancestry]
    52 | D:1      | Reached XP level 2. HP: 21/24 MP: 2/2
   448 | D:1      | Gained mutation: You have sharp toenails. [demonic ancestry]
   448 | D:1      | Reached XP level 3. HP: 19/29 MP: 3/3
   938 | D:2      | Gained mutation: Your flesh is heat resistant. (rF+) [demonic ancestry]
   938 | D:2      | Reached XP level 4. HP: 6/35 MP: 4/4
  1249 | D:2      | Found a bloodstained altar of Trog.
  1333 | D:2      | Reached skill level 3 in Axes
  1661 | D:2      | Found a hide-covered altar of Uskayaw.
  1669 | D:2      | Found an ornate altar of the Wu Jian Council.
  1716 | D:1      | Reached XP level 5. HP: 26/42 MP: 5/5
  2358 | D:3      | Reached XP level 6. HP: 16/48 MP: 6/6
  3066 | D:3      | Noticed Ijyb
  3076 | D:3      | Killed Ijyb
  3398 | D:4      | Found a staircase to the Ecumenical Temple.
  3404 | Temple   | Entered the Ecumenical Temple
  3650 | Temple   | Became a worshipper of Warmaster Okawaru
  3702 | D:4      | Reached skill level 4 in Axes
  3993 | D:4      | Noticed mahrgell's ghost (amateur DrTm)
  4031 | D:4      | Killed mahrgell's ghost
  4031 | D:4      | Reached skill level 1 in Invocations
  4034 | D:4      | HP: 2/49 [kobold (1)]
  4381 | D:4      | Gained mutation: You have razor-sharp toenails. [demonic ancestry]
  4381 | D:4      | Reached XP level 7. HP: 45/55 MP: 8/8
  4465 | D:4      | Reached * piety under Okawaru
  4798 | D:4      | Reached skill level 5 in Axes
  5520 | D:4      | Reached skill level 5 in Fighting
  5711 | D:4      | Reached XP level 8. HP: 62/62 MP: 10/10
  5982 | D:5      | Entered Level 5 of the Dungeon
  6345 | D:5      | Reached ** piety under Okawaru
  6624 | D:5      | Reached skill level 6 in Axes
  6903 | D:5      | Noticed Sigmund
  6918 | D:5      | Killed Sigmund
  6918 | D:5      | Reached skill level 5 in Armour
  7078 | D:5      | Found Nuypaum's Antique Weapon Shoppe.
  7086 | D:5      | Bought a glowing hand axe for 180 gold pieces
  7184 | D:5      | Noticed goremand's ghost (novice TrBe)
  7513 | D:5      | Killed goremand's ghost
  7513 | D:5      | Reached skill level 5 in Invocations
  8108 | D:5      | Reached skill level 7 in Axes
  8108 | D:5      | Gained mutation: You are partially covered in icy blue scales. (AC +2) [demonic ancestry]
  8108 | D:5      | Reached XP level 9. HP: 49/69 MP: 13/13
  8392 | D:6      | Found a burning altar of Makhleb.
  8430 | D:6      | Reached *** piety under Okawaru
  8739 | D:6      | Found Biohe's Antique Weapon Boutique.
  9914 | D:7      | Reached skill level 8 in Axes
 10191 | D:6      | Reached **** piety under Okawaru
 10457 | D:7      | Found a snail-covered altar of Cheibriados.
 10624 | D:7      | Found a runed door.
 10670 | D:7      | Gained mutation: You are immune to clouds of flame. [demonic ancestry]
 10670 | D:7      | Reached XP level 10. HP: 79/79 MP: 15/15
 10788 | D:7      | Noticed Crazy Yiuf
 10797 | D:7      | Killed Crazy Yiuf
 11000 | D:8      | Noticed Grum
 11509 | D:7      | Killed Grum
 11614 | D:8      | Noticed Minato's ghost (novice MiGl)
 11650 | D:8      | Slain by Minato's ghost

Skill      XL: |  1  2  3  4  5  6  7  8  9 |
---------------+----------------------------+-----
Axes           | 2 3 4 5 7 8 |  8.9
Armour         | 3 4 5 6 |  6.6
Shields        | 3 |  3.7
Fighting       | 4 5 6 7 |  7.3
Invocations    | 2 3 5 7 |  7.8

Action                   |  1- 3 |  4- 6 |  7- 9 | 10-12 || total
-------------------------+-------+-------+-------+-------++-------
Melee: War axe           |    94 |   136 |    43 |       ||   273
       Kick              |     9 |    48 |   103 |    19 ||   179
       Club              |       |    75 |   122 |       ||   197
       Whip              |       |       |   245 |    76 ||   321
       Hand axe          |       |       |     6 |       ||     6
Invok: Heroism           |       |       |       |     1 ||     1
Evoke: Wand              |       |       |     2 |     2 ||     4
  Use: Potion            |       |     1 |       |       ||     1
  Eat: Chunk             |       |     9 |    16 |     2 ||    27
       Ration            |       |     1 |     1 |       ||     2
Armor: Scale mail        |    42 |   101 |   195 |       ||   338
       Ring mail         |       |       |       |    32 ||    32
Dodge: Dodged            |    41 |    90 |   202 |    44 ||   377
Block: Shield            |    47 |    73 |       |       ||   120
